[Event "*** SCC Grand Prix: Titled Tuesday Blitz"]
[Site "Chess.com"]
[Date "2020.06.23"]
[Round "7"]
[White "Mikhail_Golubev"]
[Black "Sadykov_Ramil"]
[Result "1-0"]
[WhiteElo "2588"]
[BlackElo "2399"]
[TimeControl "180+1"]
[EndTime "11:16:55 PDT"]
[Termination "Mikhail_Golubev won by resignation"]

1. e4 e6 2. d4 d5 3. Nc3 dxe4 4. Nxe4 Nd7 5. Bd3 Ngf6 6. Nxf6+ Nxf6 7. Bg5 Bd7 8. Nf3 Bc6 9. Ne5 Bxg2 10. Rg1 Bc6 11. Qe2 Qd5 12. Nxc6 bxc6 13. Bxf6 gxf6 14. Bc4 Qxd4 15.
Rg4 Qxb2 16. Rd1 Qc3+ 17. Kf1 Qh3+ 18. Kg1 Bd6 19. Rxd6 cxd6 20. Bxe6 Kf8 21. Qd2 Ke7 22.
Bf5 Rhg8 23. Qe2+ Kf8 24. Rxg8+ Kxg8 25. Bxh3 1-0

[Event "*** SCC Grand Prix: Titled Tuesday Blitz"]
[Site "Chess.com"]
[Date "2020.06.23"]
[Round "7"]
[White "Ermito2020"]
[Black "kuba2006"]
[Result "0-1"]
[WhiteElo "2483"]
[BlackElo "2369"]
[TimeControl "180+1"]
[EndTime "11:16:55 PDT"]
[Termination "kuba2006 won by resignation"]

1. e4 Nf6 2. e5 Nd5 3. d4 d6 4. Nf3 Bg4 5. Be2 c6 6. h3 Bxf3 7. Bxf3 dxe5 8. dxe5 e6 9. O-O Nd7 10. Re1 Qc7 11. Qe2 O-O-O 12. b3 Bb4 13. Bd2 Bxd2 14. Nxd2 Nf4 15. Qe3 Nxe5 16. Qxf4 Nxf3+ 17. Qxf3 Rxd2 18. Qe3 Rxc2 19. Qxa7 Rd8 20. Red1 Rdd2 21. Rxd2 Rxd2 22. a4 Qd6 23. a5 Qd4 24. Qa8+ Kc7 25. Rf1 Rd1 26. Rxd1 Qxd1+ 27. Kh2 Qd6+ 28. Kg1 Qd8 29. Qa7 Qd1+ 30. Kh2 Qxb3 31. Qc5 Qd5 32. Qf8 Qd6+ 33. Qxd6+ Kxd6 0-1

[Event "*** SCC Grand Prix: Titled Tuesday Blitz"]
[Site "Chess.com"]
[Date "2020.06.23"]
[Round "7"]
[White "verdest"]
[Black "renehp"]
[Result "1-0"]
[WhiteElo "2555"]
[BlackElo "2397"]
[TimeControl "180+1"]
[EndTime "11:16:56 PDT"]
[Termination "verdest won on time"]

1. d4 d5 2. c4 c6 3. Nf3 Nf6 4. e3 Bg4 5. h3 Bh5 6. Qb3 Qc7 7. g4 Bg6 8. Ne5 Nbd7 9. Nxg6 hxg6 10. Bg2 e6 11.
Nd2 Be7 12. O-O Nxg4 13. f4 Ngf6 14. Nf3 O-O 15. Ne5 Rac8 16. Bd2 Ne4 17. Bxe4 dxe4 18. Qc2 Nf6 19. Ng4 Nxg4 20. hxg4 f5 21. Kg2 Kf7 22. g5 Rh8 23. Rh1 Qb6 24. b4 Qa6 25. a4 Qb6 26.
Qb3 1-0

[Event "*** SCC Grand Prix: Titled Tuesday Blitz"]
[Site "Chess.com"]
[Date "2020.06.23"]
[Round "7"]
[White "GigaQuparadze"]
[Black "LiemLe"]
[Result "0-1"]
[WhiteElo "2825"]
[BlackElo "3004"]
[TimeControl "180+1"]
[EndTime "11:16:57 PDT"]
[Termination "LiemLe won by resignation"]

1. e4 e5 2. Nf3 Nc6 3. Bb5 a6 4. Ba4 Nf6 5. d3 b5 6. Bb3 Bc5 7. Nc3 d6 8. Nd5 h6 9. c3 Rb8 10.
O-O O-O 11. d4 Ba7 12. dxe5 Nxe5 13. Nxe5 dxe5 14. Be3 Bxe3 15. fxe3 Nxe4 16. Qc2 c6 17. Qxe4 cxd5 18. Qxe5 Bb7 19. Rad1 Qb6 20. Qd4 Qe6 21.
Rf3 Rbd8 22. Rg3 g6 23. Rf1 f5 24. Rgf3 Rfe8 25. Rd1 Rd7 26. h4 h5 27. Kh2 Qd6+ 28. Qf4 Re4 29. Qxd6 Rxh4+ 30. Kg1 Rxd6 31. Bc2 Kg7 32. b3 Rc6 33. Rd3 b4 34. c4 Rc7 35.
cxd5 Rxc2 36. d6 Bxf3 37. gxf3 Rhh2 38. d7 Rcg2+ 39. Kf1 Rd2 0-1

[Event "*** SCC Grand Prix: Titled Tuesday Blitz"]
[Site "Chess.com"]
[Date "2020.06.23"]
[Round "7"]
[White "alexrustemov"]
[Black "serhanberat_ozdemir"]
[Result "1-0"]
[WhiteElo "2734"]
[BlackElo "2533"]
[TimeControl "180+1"]
[EndTime "11:16:57 PDT"]
[Termination "alexrustemov won on time"]

1. d4 Nf6 2. Nf3 g6 3. c4 Bg7 4. g3 O-O 5. Bg2 d6 6. Nc3 c6 7.
O-O Qa5 8. Qd2 e5 9. b3 Re8 10. e3 e4 11. Nxe4 Qxd2 12. Nxf6+ Bxf6 13. Nxd2 c5 14. Ne4 Be7 15. dxc5 dxc5 16. Bb2 Nc6 17. Nf6+ Bxf6 18.
Bxf6 Bg4 19. h3 Be6 20. Rfd1 a5 21. a4 Rac8 22. g4 h6 23. f4 b6 24. Rd6 Nb4 25.
Rad1 Nc2 26. Kf2 Rb8 27. e4 Bc8 28. R1d2 Nb4 29. e5 Be6 30. Be4 Bc8 31. Rd8 Ba6 32. Rxb8 Rxb8 33. Rd8+ Rxd8 34. Bxd8 Na2 35. Bxb6 Nc3 36.
Bf3 1-0

[Event "*** SCC Grand Prix: Titled Tuesday Blitz"]
[Site "Chess.com"]
[Date "2020.06.23"]
[Round "7"]
[White "amintabatabaei"]
[Black "David_Paravyan"]
[Result "1-0"]
[WhiteElo "2828"]
[BlackElo "2913"]
[TimeControl "180+1"]
[EndTime "11:16:58 PDT"]
[Termination "amintabatabaei won by resignation"]

1. e4 c5 2. Nf3 d6 3. Nc3 Nf6 4. d4 cxd4 5. Nxd4 a6 6. Be2 e5 7. Nb3 Be7 8. Be3 Be6 9. Qd2 O-O 10. f4 b5 11. f5 Bc8 12. a3 Bb7 13. Bf3 Nbd7 14.
g4 Rc8 15. g5 Rxc3 16. bxc3 Nxe4 17. Qg2 d5 18. f6 Bd6 19. Bxe4 dxe4 20. Rd1 Qc7 21.
O-O Nb6 22. fxg7 Kxg7 23. Rxd6 Qxd6 24. Bc5 Qc7 25. Bxf8+ Kxf8 26. g6 hxg6 27. Qxg6 e3 28. Qh6+ Ke8 29. Qh8+ Ke7 30. Rxf7+ Kxf7 31. Qh7+ Ke8 32.
Qxc7 1-0

[Event "*** SCC Grand Prix: Titled Tuesday Blitz"]
[Site "Chess.com"]
[Date "2020.06.23"]
[Round "7"]
[White "KubaGepard"]
[Black "Shankovskyi"]
[Result "1-0"]
[WhiteElo "2367"]
[BlackElo "2450"]
[TimeControl "180+1"]
[EndTime "11:16:58 PDT"]
[Termination "KubaGepard won by checkmate"]

1. d4 e6 2. Nf3 d5 3. Bf4 c6 4. e3 f5 5. c4 Nf6 6. Nc3 Bd6 7.
Ne5 O-O 8. Be2 Ne4 9. Qc2 Qe7 10. h4 Nd7 11. Nd3 dxc4 12. Bxd6 Nxd6 13. Nf4 b5 14. Bf3 Bb7 15. Nce2 a6 16. h5 e5 17. dxe5 Nxe5 18. O-O-O b4 19. Nd4 Nb5 20. Nxf5 Qf6 21.
Be4 Rae8 22. Rh3 c3 23. bxc3 Nxc3 24. Qb3+ Kh8 25. Bc2 Nxd1 26. Nh4 Nxf2 27. Rh2 Neg4 28. Nhg6+ hxg6 29. Nxg6+ Qxg6 30. hxg6+ Nxh2 31. Qc4 Nhg4 32. Qc5 Re5 33. Qxf8# 1-0

[Event "*** SCC Grand Prix: Titled Tuesday Blitz"]
[Site "Chess.com"]
[Date "2020.06.23"]
[Round "7"]
[White "Salem-AR"]
[Black "A-Fier"]
[Result "1-0"]
[WhiteElo "2939"]
[BlackElo "2778"]
[TimeControl "180+1"]
[EndTime "11:16:59 PDT"]
[Termination "Salem-AR won by resignation"]

1. d4 Nf6 2. c4 c5 3. d5 e6 4. Nc3 exd5 5. cxd5 d6 6. e4 g6 7. f4 Bg7 8. Bb5+ Nfd7 9. Nf3 a6 10. Bd3 b5 11. O-O O-O 12. a3 Re8 13. Qe1 Nf6 14. Kh1 Bg4 15. Ng5 h6 16. Nxf7 Kxf7 17. e5 dxe5 18. fxe5 Nd7 19. e6+ Bxe6 20. dxe6+ Rxe6 21.
Bxg6+ Ke7 22. Qg3 Kf8 23. Bf5 Re8 24. Bf4 Kg8 25. Bxh6 Nh5 26. Qg6 Ndf6 27. g4 Ra7 28. gxh5 Qa8+ 29. Kg1 Kh8 30. Bg5 Rg8 31. Ne4 Qc6 32. h6 Bxh6 33. Qxh6+ Rh7 34. Bxh7 1-0

[Event "*** SCC Grand Prix: Titled Tuesday Blitz"]
[Site "Chess.com"]
[Date "2020.06.23"]
[Round "7"]
[White "sotochess"]
[Black "Brave_spirit12"]
[Result "1-0"]
[WhiteElo "2476"]
[BlackElo "2309"]
[TimeControl "180+1"]
[EndTime "11:17:00 PDT"]
[Termination "sotochess won by checkmate"]

1. e4 e6 2. Qe2 d5 3. exd5 Qxd5 4.
Nc3 Qd8 5. Nf3 Nf6 6. g3 b6 7. Bg2 Bb7 8. O-O Nc6 9. Rd1 Bd6 10. d4 O-O 11. Ne5 Qe8 12. Nb5 Bxe5 13. dxe5 Nd5 14. c4 Ba6 15. cxd5 Nb4 16. a4 Nxd5 17. Qg4 f5 18. exf6 Rxf6 19. Re1 Qc6 20. Bg5 Rf5 21. Nd4 Qc4 22. Rxe6 Rf7 23. Rc1 h5 24. Qe4 Qa2 25. Qxd5 Qxb2 26. Re8+ Rxe8 27. Nf3 c5 28. Be3 Bb7 29.
Qc4 Rxe3 30. fxe3 Bxf3 31. Bxf3 Kf8 32. Bxh5 Qf2+ 33. Kh1 Qxe3 34. Qxf7# 1-0

[Event "*** SCC Grand Prix: Titled Tuesday Blitz"]
[Site "Chess.com"]
[Date "2020.06.23"]
[Round "7"]
[White "shineatchess"]
[Black "Manukyan_Artak"]
[Result "0-1"]
[WhiteElo "2130"]
[BlackElo "2342"]
[TimeControl "180+1"]
[EndTime "11:17:02 PDT"]
[Termination "Manukyan_Artak won on time"]

1. d4 Nf6 2. c4 e6 3. Nc3 c5 4. d5 exd5 5. cxd5 d6 6. e4 g6 7. h3 Bg7 8. Nf3 O-O 9. Bd3 Na6 10. O-O Re8 11. Bf4 Nc7 12. a4 a6 13. Re1 Nh5 14. Bh2 b6 15. e5 dxe5 16. Nxe5 Nxd5 17. Nc6 Qd7 18. Rxe8+ Qxe8 19. Nxd5 Bb7 20. Nce7+ Kh8 21. Qe2 Rd8 22. Nc7 Qd7 23. Bc4 f5 24. Re1 f4 25. Ned5 Qc6 26. Ne6 Re8 27. Ndxf4 Nxf4 28. Qg4 Nxg2 29. Re2 Nh4 0-1

[Event "*** SCC Grand Prix: Titled Tuesday Blitz"]
[Site "Chess.com"]
[Date "2020.06.23"]
[Round "7"]
[White "catalin009"]
[Black "KNCP_719"]
[Result "0-1"]
[WhiteElo "2320"]
[BlackElo "2472"]
[TimeControl "180+1"]
[EndTime "11:17:03 PDT"]
[Termination "KNCP_719 won on time"]

1. e4 e5 2. Nf3 Nf6 3. Nxe5 d6 4. Nf3 Nxe4 5. Nc3 Nxc3 6. dxc3 Be7 7. Be3 O-O 8. Qd2 Qe8 9. Bd3 Bg4 10. O-O-O Qa4 11. Kb1 Nc6 12. h3 Be6 13. a3 Ne5 14. Nxe5 dxe5 15. g4 c5 16. g5 b5 17. Qe2 Rab8 18.
Bc1 b4 19. b3 bxc3 20. Ka2 Rfd8 21. Qe4 Qxe4 22. Bxe4 a5 23. a4 c4 0-1

[Event "*** SCC Grand Prix: Titled Tuesday Blitz"]
[Site "Chess.com"]
[Date "2020.06.23"]
[Round "7"]
[White "Richarzard69"]
[Black "angryhorse9"]
[Result "1-0"]
[WhiteElo "2305"]
[BlackElo "2444"]
[TimeControl "180+1"]
[EndTime "11:17:03 PDT"]
[Termination "Richarzard69 won by resignation"]

1. Nf3 Nf6 2. c4 g6 3. Nc3 Bg7 4. e4 d6 5. d4 O-O 6. Be2 e5 7.
dxe5 dxe5 8. Qxd8 Rxd8 9. Bg5 Re8 10. Nd5 Nxd5 11. cxd5 c6 12. Bc4 cxd5 13. Bxd5 Nd7 14.
Rc1 Nf6 15. Bxf6 Bxf6 16. Rc7 Rf8 17. Bxb7 Rb8 18. Bxc8 Rfxc8 19. Rxc8+ Rxc8 20. O-O Rc2 21. Rb1 h5 22. Kf1 Kg7 23. a3 Kf8 24. Ne1 Rd2 25. b4 Ra2 26. Rb3 Ke7 27. b5 Ke6 28. b6 axb6 29.
Rxb6+ Ke7 30. Rb7+ Ke8 31. Ra7 Be7 32. Nd3 f6 33. a4 Bd8 34. g3 Bb6 35. Ra6 Bd4 36.
Rxf6 g5 37. Nxe5 Ke7 38. Rf5 Ke6 39. Nf3 Bxf2 40. Nxg5+ 1-0

[Event "*** SCC Grand Prix: Titled Tuesday Blitz"]
[Site "Chess.com"]
[Date "2020.06.23"]
[Round "7"]
[White "dpruess"]
[Black "pavlitas17"]
[Result "1-0"]
[WhiteElo "2483"]
[BlackElo "2329"]
[TimeControl "180+1"]
[EndTime "11:17:04 PDT"]
[Termination "dpruess won by checkmate"]

1. e4 c5 2. Nf3 d6 3. d4 cxd4 4. Nxd4 Nf6 5. Nc3 g6 6. Be3 Bg7 7. f3 O-O 8. Qd2 Nc6 9. O-O-O Bd7 10. Kb1 Rc8 11. g4 Ne5 12. h4 h5 13. gxh5 Nxh5 14. Rg1 Rxc3 15. Qxc3 Nxf3 16. Be2 Nxg1 17. Bxh5 gxh5 18.
Rxg1 Bg4 19. Qd2 e6 20. Bg5 Qb6 21. c3 e5 22. Bh6 Bf6 23. Bg5 Bh8 24. Nf3 d5 25. Be3 d4 26. cxd4 exd4 27. Bxd4 Bxd4 28. Nxd4 Kh7 29. Rxg4 hxg4 30. Nf5 Rd8 31. Qg5 Qg1+ 32. Kc2 Qd1+ 33. Kc3 Qd3+ 34. Kb4 Qxe4+ 35. Kc3 Qd3+ 36. Kb4 a5+ 37. Kc5 Rd5+ 38. Kb6 Qa6+ 39. Kc7 Qc4+ 40. Kb8 Rd8+ 41. Qxd8 Qf4+ 42. Nd6 g3 43. Ka7 Qd4+ 44.
Ka8 g2 45. Qg5 g1=Q 46. Qh5+ Kg8 47. Qxf7+ Kh8 48. Qh5+ Kg7 49. Qf7+ Kh6 50. Nf5# 1-0

[Event "*** SCC Grand Prix: Titled Tuesday Blitz"]
[Site "Chess.com"]
[Date "2020.06.23"]
[Round "7"]
[White "esrosenberg"]
[Black "GuerrieroFromLevant"]
[Result "0-1"]
[WhiteElo "2149"]
[BlackElo "2430"]
[TimeControl "180+1"]
[EndTime "11:17:06 PDT"]
[Termination "GuerrieroFromLevant won on time"]

1. Nf3 d5 2. c4 e6 3. d4 c5 4.
cxd5 exd5 5. Nc3 Nf6 6. g3 Nc6 7. Bg2 cxd4 8. Nxd4 Bc5 9. Nb3 Bb6 10. O-O d4 11. Ne4 Nxe4 12. Bxe4 O-O 13. Qc2 h6 14. a3 Re8 15. Rd1 Qf6 16. Bf3 Ne5 17. Kg2 d3 18. Rxd3 Bf5 19. e4 Nxd3 20. Qxd3 Bxe4 21.
Bxe4 Qxf2+ 22. Kh3 Rad8 23. Qf3 Qe1 24. Bg5 Qxe4 25.
Qxe4 Rxe4 26. Bxd8 Bxd8 27. Rd1 Bf6 28. Nc5 Re2 29.
b4 b6 30. Nd7 Bb2 31. Rd3 f5 32. Nb8 g5 33. g4 Be5 34. gxf5 h5 35. Rd8+ Kf7 36.
Rd7+ Ke8 37. Rd2 Rxd2 0-1

[Event "*** SCC Grand Prix: Titled Tuesday Blitz"]
[Site "Chess.com"]
[Date "2020.06.23"]
[Round "7"]
[White "mfwagnerpeixoto"]
[Black "crossingthestreet"]
[Result "0-1"]
[WhiteElo "2198"]
[BlackElo "2371"]
[TimeControl "180+1"]
[EndTime "11:17:06 PDT"]
[Termination "crossingthestreet won on time"]

1. d4 Nf6 2. c4 e6 3. g3 d5 4. Bg2 Be7 5. Nf3 O-O 6. O-O dxc4 7. Qc2 a6 8. Qxc4 b5 9. Qc2 Bb7 10. Bg5 Nbd7 11. Nbd2 Rc8 12. Nb3 Be4 13. Qc1 h6 14. Bxf6 Bxf6 15. Rd1 Qe7 16. Qf4 Bxf3 17. Bxf3 c5 18.
Bb7 Rb8 19. Na5 e5 20. Qe4 exd4 21. Qd5 Nb6 22. Qc6 Na4 23. Qxa6 Nxb2 24. Rdb1 Qxe2 25. Nc6 Rbe8 26. Re1 Qxe1+ 27. Rxe1 Rxe1+ 28. Kg2 d3 29. Qa5 b4 0-1

[Event "*** SCC Grand Prix: Titled Tuesday Blitz"]
[Site "Chess.com"]
[Date "2020.06.23"]
[Round "7"]
[White "BilodeauA"]
[Black "viditchess"]
[Result "0-1"]
[WhiteElo "2868"]
[BlackElo "3033"]
[TimeControl "180+1"]
[EndTime "11:17:07 PDT"]
[Termination "viditchess won by resignation"]

1. e4 c5 2. Nf3 d6 3. d4 cxd4 4. Nxd4 Nf6 5. Nc3 Nc6 6. Bg5 e6 7. Qd3 Be7 8. O-O-O a6 9. Nxc6 bxc6 10. Qg3 Qc7 11. Bc4 e5 12. Bb3 O-O 13. h4 Kh8 14. h5 h6 15. Be3 a5 16. a4 Rb8 17. f4 Rb4 18. fxe5 dxe5 19. Rh4 Bd7 20. Rf1 Rfb8 21.
Rhh1 Rxb3 22. cxb3 Rxb3 23. Rf2 Be6 24. Rd1 Qb8 25. Rc2 Rb4 26. Qe1 Bb3 27. Qd2 Ng4 28. Kb1 Nxe3 0-1

[Event "*** SCC Grand Prix: Titled Tuesday Blitz"]
[Site "Chess.com"]
[Date "2020.06.23"]
[Round "7"]
[White "Godzillator"]
[Black "Cubitas"]
[Result "1-0"]
[WhiteElo "2402"]
[BlackElo "2535"]
[TimeControl "180+1"]
[EndTime "11:17:07 PDT"]
[Termination "Godzillator won on time"]

1. d4 d5 2. c4 c6 3. cxd5 cxd5 4.
Bf4 Nc6 5. e3 Nf6 6. Nc3 a6 7.
Bd3 Bg4 8. Nge2 g6 9. O-O Bg7 10. Rc1 O-O 11. a3 Rc8 12. b4 b5 13. h3 Bf5 14. Bxf5 gxf5 15. Qb3 e6 16. Ng3 Ne4 17. Ncxe4 fxe4 18. Rc5 Qd7 19. Rfc1 Bf6 20. Qc2 Ne7 21. Nh5 Bh8 22. Qe2 Ng6 23. Bg3 e5 24. dxe5 Rxc5 25.
Rxc5 d4 26. exd4 Qxd4 27. Nf6+ Bxf6 28. exf6 Rd8 29. Rc6 Re8 30. Rxa6 e3 31. f3 h5 32.
Qxb5 Rc8 33. Kh2 h4 34. Be1 Qf4+ 35. Kh1 Rc1 36. Ra8+ 1-0

[Event "*** SCC Grand Prix: Titled Tuesday Blitz"]
[Site "Chess.com"]
[Date "2020.06.23"]
[Round "7"]
[White "mbojan"]
[Black "MVM2008"]
[Result "0-1"]
[WhiteElo "2560"]
[BlackElo "2114"]
[TimeControl "180+1"]
[EndTime "11:17:07 PDT"]
[Termination "MVM2008 won by resignation"]

1. Nf3 Nf6 2. Ng1 d5 3. Nf3 Nc6 4. Ng1 e5 5. g3 h5 6. Bg2 h4 7. d3 Bc5 8. e3 Ng4 9. h3 hxg3 10.
hxg4 Rxh1 11. Bxh1 Qh4 12. Bxd5 gxf2+ 13. Kf1 fxg1=N 14. Kxg1 Qg3+ 15. Kh1 Bxg4 16. Qg1 Qh3+ 17. Qh2 Qf1+ 18.
Qg1 Bf3+ 19. Bxf3 Qxf3+ 20. Qg2 Qf6 21. Nc3 O-O-O 22. Ne4 Qe7 23. Qh3+ Kb8 24. Bd2 f5 25. Qxf5 Qh4+ 26. Kg2 Rh8 27. Nf2 Rf8 28. Kf3 0-1

[Event "*** SCC Grand Prix: Titled Tuesday Blitz"]
[Site "Chess.com"]
[Date "2020.06.23"]
[Round "7"]
[White "hermionegrangermagic"]
[Black "Zurability"]
[Result "1-0"]
[WhiteElo "2554"]
[BlackElo "2668"]
[TimeControl "180+1"]
[EndTime "11:17:08 PDT"]
[Termination "hermionegrangermagic won on time"]

1. e4 c5 2. Nf3 d6 3. d4 cxd4 4. Nxd4 Nf6 5. Nc3 a6 6. Be3 e5 7. Nb3 Be6 8. f4 Ng4 9. Bd2 exf4 10. Bxf4 Nc6 11. Qd2 Be7 12. O-O-O O-O 13. Nd5 Bxd5 14.
exd5 Nb8 15. Nd4 Ne5 16. Nf5 Bf6 17. Be2 Qb6 18. c3 Nbd7 19. g4 g6 20. g5 Bd8 21.
Nh6+ Kg7 22. h4 Rc8 23. Ng4 f5 24. gxf6+ Bxf6 25. Bh6+ Kg8 26. Bxf8 Rxf8 27. Nxf6+ Nxf6 28. Qd4 Qa5 29. Kb1 1-0

[Event "*** SCC Grand Prix: Titled Tuesday Blitz"]
[Site "Chess.com"]
[Date "2020.06.23"]
[Round "7"]
[White "albano87"]
[Black "Munkhzul_Turmunkh"]
[Result "0-1"]
[WhiteElo "2377"]
[BlackElo "2632"]
[TimeControl "180+1"]
[EndTime "11:17:09 PDT"]
[Termination "Munkhzul_Turmunkh won by checkmate"]

1. e4 c5 2. Nf3 d6 3. d4 cxd4 4. Qxd4 Nc6 5. Bb5 Bd7 6. Bxc6 Bxc6 7. Nc3 Nf6 8. Bg5 e6 9. Qd3 Be7 10. Nd4 O-O 11. O-O-O Rc8 12. f4 a6 13. Kb1 Bd7 14. f5 h6 15. h4 b5 16. Nf3 b4 17. Ne2 Bb5 18. Qd2 hxg5 19. hxg5 Nxe4 20. Qf4 Bxg5 21.
Qxe4 exf5 22. Qxf5 Bh6 23. Ned4 Rc5 24. Qh3 Bd7 25. Qh2 Qf6 26. g4 Bxg4 27. Rdg1 Rh5 28. Qg2 Rxh1 29. Rxh1 Qf4 30. Rg1 Bxf3 31. Nxf3 Re8 32.
Qh3 g6 33. Nh4 Bg7 34. Qd7 Qe5 35. c3 bxc3 36. Nf3 c2+ 37. Kxc2 Qxb2+ 38. Kd3 Qc3# 0-1

[Event "*** SCC Grand Prix: Titled Tuesday Blitz"]
[Site "Chess.com"]
[Date "2020.06.23"]
[Round "7"]
[White "sasko1234"]
[Black "1f3_2g41-0"]
[Result "1-0"]
[WhiteElo "2416"]
[BlackElo "2230"]
[TimeControl "180+1"]
[EndTime "11:17:09 PDT"]
[Termination "sasko1234 won by resignation"]

1. b3 Nf6 2. Bb2 d5 3. e3 g6 4.
f4 Bg7 5. Nf3 O-O 6. Be2 c5 7. O-O Nc6 8. Ne5 Nxe5 9. Bxe5 Ne4 10.
Bxg7 Kxg7 11. d3 Nf6 12. Nd2 h5 13. Bf3 Bg4 14. h3 Bxf3 15. Qxf3 Qa5 16. Rf2 Qc3 17. Rc1 a5 18. a4 Rac8 19. f5 e5 20. e4 Qd4 21. c3 dxe4 22. dxe4 Qd8 23. Nc4 Qe7 24.
Rcf1 Rcd8 25. g4 Qc7 26. gxh5 Nxh5 27. Rg2 Nf4 28. Rg3 Rd3 29. Qxd3 Nxd3 30. Rxd3 Rd8 31. Rfd1 Rxd3 32. Rxd3 gxf5 33. exf5 e4 34. Re3 Qf4 35. Kg2 Qxf5 36. h4 Kf6 37. Rg3 Ke7 38. Ne3 Qf6 39. Nd5+ Ke6 40. Nxf6 Kxf6 41. h5 1-0

[Event "*** SCC Grand Prix: Titled Tuesday Blitz"]
[Site "Chess.com"]
[Date "2020.06.23"]
[Round "7"]
[White "otrov-11"]
[Black "allvim"]
[Result "1-0"]
[WhiteElo "2384"]
[BlackElo "2211"]
[TimeControl "180+1"]
[EndTime "11:17:09 PDT"]
[Termination "otrov-11 won by resignation"]

1. d4 Nf6 2. c4 g6 3. Nc3 d5 4.
cxd5 Nxd5 5. e4 Nxc3 6. bxc3 Bg7 7. Bc4 O-O 8. Ne2 c5 9. Be3 Nc6 10. h3 Qa5 11. O-O cxd4 12. cxd4 b6 13. Rc1 Bb7 14. h4 Qh5 15. Bd5 Rac8 16. Qd2 e6 17. Bxc6 Bxc6 18.
f3 Qxh4 19. Bg5 Qh5 20. Ng3 Bxd4+ 21. Rf2 Bxf2+ 22. Kxf2 Rfd8 23. Qxd8+ Rxd8 24. Nxh5 Rc8 25. Nf4 Kf8 26. Nd3 a5 27. Ne5 Bb7 28. Rxc8+ Bxc8 29.
Be3 Ke8 30. Bxb6 1-0

[Event "*** SCC Grand Prix: Titled Tuesday Blitz"]
[Site "Chess.com"]
[Date "2020.06.23"]
[Round "7"]
[White "Infernal_XaM"]
[Black "Yaacovn"]
[Result "1-0"]
[WhiteElo "2818"]
[BlackElo "2780"]
[TimeControl "180+1"]
[EndTime "11:17:10 PDT"]
[Termination "Infernal_XaM won on time"]

1. d4 Nf6 2. c4 e5 3. dxe5 Ne4 4. Nf3 Nc6 5. Nbd2 Bb4 6. a3 Nxd2 7. Nxd2 Bxd2+ 8. Bxd2 Nxe5 9. Bc3 Qe7 10. e3 d6 11. Be2 O-O 12. Qd4 c5 13. Qd2 b6 14.
Rd1 Rd8 15. O-O Bb7 16. Qc2 Qg5 17. e4 Qg6 18. f3 h6 19. Kh1 Qe6 20. b3 Qe7 21. Rd2 Rd7 22. Qb2 Rad8 23. f4 Ng6 24. Bxg7 Qxe4 25. Bd3 Qe3 26. Bxh6 Qd4 27. Qc2 Qh8 28. Bg5 Rf8 29. Bxg6 fxg6 30. Qxg6+ Rg7 31.
Qe6+ Rgf7 32. Rxd6 Qh5 33. Qg6+ Qxg6 34. Rxg6+ Kh7 35.
Rh6+ Kg7 36. h3 Re8 37. Rf2 Re3 38.
b4 Rxa3 39. bxc5 bxc5 40. Kh2 Rc3 41. Rd6 Rxc4 42. f5 Be4 43. f6+ Kh7 44. Rf4 Bd3 45.
Rxd3 1-0

[Event "*** SCC Grand Prix: Titled Tuesday Blitz"]
[Site "Chess.com"]
[Date "2020.06.23"]
[Round "7"]
[White "IM_Tissir"]
[Black "UKR_Master"]
[Result "1-0"]
[WhiteElo "2472"]
[BlackElo "2316"]
[TimeControl "180+1"]
[EndTime "11:17:10 PDT"]
[Termination "IM_Tissir won by resignation"]

1. e4 c5 2. Nc3 Nc6 3. Bb5 Nd4 4. Bc4 e6 5. Nge2 Ne7 6. Nxd4 cxd4 7. Ne2 Nc6 8. O-O Be7 9. d3 O-O 10. Bb3 d5 11.
exd5 exd5 12. Nf4 Be6 13. Re1 Qd7 14. Qf3 Rad8 15. Bd2 b5 16. a4 b4 17. a5 Qc7 18.
Nxe6 fxe6 19. Qg4 e5 20. Bxd5+ Kh8 21. Be4 Qd6 22. f4 exf4 23. Bxc6 Qxc6 24. Rxe7 Rg8 25. Bxf4 Qf6 26. Rae1 Rdf8 27. Bg3 Rc8 28. R1e6 Qf8 29. h3 Rxc2 30. Kh2 Qf1 31. Qxg7+ Rxg7 32. Re8+ Rg8 33. Be5+ 1-0

[Event "*** SCC Grand Prix: Titled Tuesday Blitz"]
[Site "Chess.com"]
[Date "2020.06.23"]
[Round "7"]
[White "kakakz"]
[Black "Logman74"]
[Result "0-1"]
[WhiteElo "2343"]
[BlackElo "2475"]
[TimeControl "180+1"]
[EndTime "11:17:11 PDT"]
[Termination "Logman74 won on time"]

1. d4 d5 2. Nf3 e6 3. c4 Nf6 4. g3 Bb4+ 5. Bd2 Bxd2+ 6. Nbxd2 O-O 7. Bg2 Nbd7 8. O-O c6 9. b4 dxc4 10. Nxc4 Nb6 11. Nce5 Nbd5 12. Qb3 a5 13. b5 cxb5 14. Qxb5 b6 15. Rfe1 Ba6 16. Qb2 Rc8 17. Rac1 Qd6 18. e4 Rxc1 19. Qxc1 Rc8 20. Qd2 Nb4 21.
Nxf7 Kxf7 22. e5 Qd8 23. Ng5+ Kg8 24. Nxe6 Qe7 25. exf6 Qxf6 26. Nf4 Rd8 27. d5 g6 28. a3 Nc6 29. h4 Ne5 30. Kh1 Ng4 31. Bf3 Ne5 32. Bg2 Nc4 33. Qc1 Nd6 34. Re6 Qd4 35. Qc7 Nf7 0-1

[Event "*** SCC Grand Prix: Titled Tuesday Blitz"]
[Site "Chess.com"]
[Date "2020.06.23"]
[Round "7"]
[White "ajian"]
[Black "Harry_Rakkel"]
[Result "0-1"]
[WhiteElo "2392"]
[BlackElo "2561"]
[TimeControl "180+1"]
[EndTime "11:17:12 PDT"]
[Termination "Harry_Rakkel won on time"]

1. d4 Nf6 2. c4 e6 3. Nc3 Bb4 4. Qc2 O-O 5. a3 Bxc3+ 6. Qxc3 b6 7. Bg5 Bb7 8. f3 d5 9. e3 Nbd7 10. cxd5 exd5 11. Bd3 Re8 12. Ne2 h6 13. Bh4 c5 14. O-O Rc8 15. Rac1 Qe7 16. Bf2 cxd4 17. Qxd4 Nc5 18. Bf5 Nb3 19. Rxc8 Nxd4 20. Rxe8+ Nxe8 21. Nxd4 Nd6 22. Bd3 Nc4 23. Rc1 Nxb2 24. Bb5 Qxa3 25. h3 Nc4 26. Re1 a6 27. Bd7 Qc3 28. Nf5 Ne5 29.
Be8 Nd3 30. Rf1 Kf8 31. Ba4 b5 32. Bd1 b4 33. Nd4 a5 34. Bg3 Kg8 35. Bd6 Ba6 36. Ba4 Nb2 0-1

[Event "*** SCC Grand Prix: Titled Tuesday Blitz"]
[Site "Chess.com"]
[Date "2020.06.23"]
[Round "7"]
[White "Baby_Legs"]
[Black "pedromartinez91"]
[Result "0-1"]
[WhiteElo "2606"]
[BlackElo "2507"]
[TimeControl "180+1"]
[EndTime "11:17:13 PDT"]
[Termination "pedromartinez91 won by resignation"]

1. g3 d5 2. Bg2 Nf6 3. b3 e6 4.
Bb2 Be7 5. e3 O-O 6. Ne2 c5 7.
d3 Nc6 8. Nd2 e5 9. h3 Be6 10. g4 d4 11. Ng3 Nd5 12. Qf3 Ncb4 13. Kd1 Nc3+ 14. Bxc3 dxc3 15. Nde4 c4 16. bxc4 Nxd3 17.
cxd3 Qxd3+ 18. Ke1 c2 19. Qe2 Bb4+ 20. Kf1 Bxc4 21.
Qxd3 Bxd3+ 22. Kg1 Rac8 23. Kh2 Ba3 24. Rac1 Rfd8 25.
Nd2 Bxc1 26. Rxc1 Bg6 27. Nb3 Rd1 28. e4 a5 29. Bf3 Rxc1 30. Nxc1 b5 31. Nf1 b4 32.
Nd2 f6 33. Be2 Bf7 34. Bb5 Rd8 35. Ndb3 Bxb3 36. Nxb3 Rd1 0-1

[Event "*** SCC Grand Prix: Titled Tuesday Blitz"]
[Site "Chess.com"]
[Date "2020.06.23"]
[Round "7"]
[White "NormWeinstein"]
[Black "Kislov_Oleg"]
[Result "1-0"]
[WhiteElo "2514"]
[BlackElo "2377"]
[TimeControl "180+1"]
[EndTime "11:17:13 PDT"]
[Termination "NormWeinstein won on time"]

1. e4 e6 2. d4 d5 3. Nd2 Nf6 4. Bd3 c5 5. dxc5 Bxc5 6. Qe2 Nc6 7.
Ngf3 dxe4 8. Nxe4 Be7 9. Bd2 O-O 10. O-O-O Bd7 11. g4 Rc8 12. g5 Nd5 13. Kb1 Ncb4 14. Bc4 Nxc2 15. Kxc2 b5 16. Kb1 bxc4 17. Nc3 Bc6 18.
Rhg1 Qb6 19. Ne5 Bb4 20. Nxc4 Qa6 21. Qg4 Nxc3+ 22. Bxc3 Bxc3 23. bxc3 Bd5 24. Rd2 Rxc4 25. Rb2 Rxg4 26. Rxg4 Qd3+ 27. Kc1 Qxc3+ 28. Rc2 Qe1+ 29. Kb2 Rb8+ 30. Ka3 Qa5+ 31. Ra4 Qb6 32. g6 1-0